 Dungeon Crawl Stone Soup version bcrawl-1.40.3b (webtiles) character file.

Game seed: 13608834311363112248

215086 rumpelstilzz the Cudgeler (level 6, -3/53 HPs)
             Began as a Troll Warper on Feb 10, 2024.
             Was a Follower of Hepliaklqana.
             Slain by an iron imp (4 damage)
             ... summoned by Eustachio
             ... on level 4 of the Dungeon.
             The game lasted 00:06:26 (2324 turns).

rumpelstilzz the Cudgeler (Troll Warper)            Turns: 2324, Time: 00:06:27

Health: -3/53      AC:  6    Str: 20    XL:     6   Next: 20%
Magic:  7/7        EV: 10    Int: 11    God:    Hepliaklqana [*.....]
Gold:   248        SH:  0    Dex: 10    Spells: 6/8 levels left

rFire    . . .     GDR:     26% a - +1 mace (holy)
rCold    . . .     SeeInvis .   (no shield)
rNeg     . . .     Gourm    +   (armour unavailable)
rPois    .         Faith    .   (helmet restricted)
rElec    .         Spirit   .   (no cloak)
rCorr    .         Reflect  .   (gloves unavailable)
MR       .....                  (boots unavailable)
Stlth    +.........             (no amulet)
HPRegen  0.58/turn              (no ring)
MPRegen  0.10/turn              (no ring)

@: lethally poisoned (-3 -> -4), hasted, very quick
A: large, almost no armour, reduced essence, claws 3, fast metabolism 3,
gourmand, regeneration 1, AC +6
a: Recall Ancestor, Ancestor Identity, Renounce Religion


You were on level 4 of the Dungeon.
You worshipped Hepliaklqana.
Hepliaklqana was aware of your devotion.
You were very full.

You visited 1 branch of the dungeon, and saw 4 of its levels.

You collected 248 gold pieces.

Inventory:

Hand Weapons
 a - a +1 mace of holy wrath (weapon)
Missiles
 d - 159 large rocks (quivered)
 f - 2 throwing nets {=f}
 g - 1053 stones
 l - 165 poisoned tomahawks
Armour
 t - a +1 cloak
Scrolls
 b - 4 scrolls of remove curse {unknown}
 c - 2 scrolls of blinking
 h - 2 scrolls of teleportation {unknown}
 i - a scroll of identify
 n - a scroll of enchant armour {unknown}
 o - a scroll of fear {unknown}
 s - a scroll of revelation {unknown}
Potions
 j - a potion of haste
 k - a potion of ambrosia {unknown}
 p - a potion of lignification {unknown}
 q - a potion of might {unknown}
 r - a potion of flight {unknown}
Comestibles
 e - 11 rations {!d}
 m - 2 chunks of flesh


   Skills:
 + Level 2.7 Fighting
   Level 0.2 Short Blades
 + Level 3.9 Maces & Flails
 + Level 1.7 Throwing
 + Level 2.9 Dodging
 + Level 0.3 Stealth
 + Level 1.6 Spellcasting
 + Level 2.5 Translocations


You had 6 spell levels left.
You knew the following spells:

 Your Spells              Type           Power        Failure   Level  Hunger
a - Blink Other           Tloc           #.....       11%         1    None
b - Apportation           Tloc           #.....       11%         1    None

Your spell library contained the following spells:

 Spells                   Type           Power        Failure   Level  Hunger
 Blink                    Tloc           N/A          16%         2    ###....
 Portal Projectile        Tloc           #.....       32%         3    #####..
 Teleport Other           Tloc           #.......     32%         3    #####..
 Passage of Golubria      Tloc           N/A          96%         5    #######


Dungeon Overview and Level Annotations

Branches:
Dungeon (4/12)
 Temple: D:4-7

Altars:
Hepliaklqana

Annotations:
D:4 Eustachio


Innate Abilities, Weirdness & Mutations

You cannot wear most types of armour.
Your thick skin is tough. (AC +6)
You are too large for most types of armour.
You have claws for hands.
Your metabolism is lightning-fast.
You like to eat raw meat.
Your natural rate of healing is unusually fast.
Your life essence is reduced to manifest your ancestor. (-10% HP)


Message History

Eustachio blinks!
Klonk barely misses the river rat.
The river rat closely misses you. The iron imp closely misses you.
You closely miss the river rat.
You feel sick.
Klonk closely misses the river rat.
The river rat closely misses you.
The iron imp grins evilly.
The iron imp hits you.
* * * LOW HITPOINT WARNING * * *
You swap places.
You feel sick.
Klonk hits the river rat but does no damage.
The river rat bites you.
* * * LOW HITPOINT WARNING * * *
The iron imp hits Klonk.
The iron imp barely misses you.
Eustachio casts a spell.
Eustachio blinks!
It was a potion of haste.
You feel yourself speed up.
The iron imp disappears in a puff of smoke!
Klonk closely misses the river rat.
The river rat bites you but does no damage.
The iron imp hits you.
You die...

##########
.........# ####
########.######...
#.............#
#.###.######..#
#.# #.).......#
###.. #.#
###.####.r##......
#.#####.####.@R§.#
#....<.#.....5##.#
#######.####..[#
.. #.# #.#.# ##
... ..#...
....#..####.#
.....##. .#
..#g#..## # ..##.
#.


You could see the friendly Klonk the ancestor, an iron imp and a river rat.

Vanquished Creatures
  3 orc wizards
  An iguana (D:3)
  5 adders (D:3)
  3 oozes
  2 worms
  2 dart slugs (D:2)
  4 leopard geckos
  7 orcs
  4 giant cockroaches
  6 goblins
  11 hobgoblins
  3 jackals (D:3)
  4 quokkas
  6 bats
  3 frilled lizards
  4 kobolds
  5 rats
73 creatures vanquished.

Vanquished Creatures (collateral kills)
  An orc wizard (D:3)
  2 adders (D:3)
  A worm (D:3)
  An orc (D:4)
  2 giant cockroaches
  2 hobgoblins
  A kobold (D:3)
  A quokka (D:3)
11 creatures vanquished.

Grand Total: 84 creatures vanquished

Notes
Turn   | Place    | Note
-------+----------+-------------------------------------------
     0 | D:1      | rumpelstilzz the Troll Warper began the quest for the Orb.
     0 | D:1      | Reached XP level 1. HP: 19/19 MP: 2/2
   192 | D:1      | Reached XP level 2. HP: 13/27 MP: 3/3
   914 | D:2      | Reached XP level 3. HP: 23/35 MP: 4/4
   940 | D:2      | Reached skill level 1 in Maces & Flails
   973 | D:2      | Found a hazy altar of Hepliaklqana.
   980 | D:2      | Became a worshipper of Hepliaklqana the Forgotten
  1441 | D:3      | Reached skill level 2 in Maces & Flails
  1441 | D:3      | Gained mutation: Your natural rate of healing is unusually
                  | fast. [Troll growth]
  1441 | D:3      | Reached XP level 4. HP: 29/37 MP: 5/5
  1640 | D:3      | Reached XP level 5. HP: 40/44 MP: 6/6
  1669 | D:3      | Reached skill level 3 in Maces & Flails
  2105 | D:3      | Reached * piety under Hepliaklqana
  2247 | D:4      | Reached XP level 6. HP: 23/53 MP: 7/7
  2302 | D:4      | Noticed Eustachio
  2323 | D:4      | HP: 1/53 [river rat[Eustachio] (5)]
  2324 | D:4      | Slain by an iron imp

Skill      XL: |  1  2  3  4  5 |
---------------+----------------+-----
Dodging        | 2 |  2.9
Maces & Flails | 2 3 |  3.9
Fighting       | 2 |  2.7
Short Blades   | |  0.2
Throwing       | |  1.7
Stealth        | |  0.3
Spellcasting   | |  1.6
Translocations | |  2.5

Action                   |  1- 3 |  4- 6 || total
-------------------------+-------+-------++-------
Melee: Dagger            |    77 |       ||    77
       Mace              |   101 |   147 ||   248
Invok: Ancestor Identity |     1 |       ||     1
  Use: Potion            |       |     1 ||     1
  Eat: Chunk             |    20 |    10 ||    30
Armor: Skin              |    67 |    62 ||   129
Dodge: Dodged            |   101 |    83 ||   184
